 Dungeon Crawl Stone Soup version 0.19-a0-585-ge40200b (webtiles) character file.

69612 ololoev the Eclecticist (level 14, -9/72 HPs)
             Began as a Deep Elf Fire Elementalist on June 8, 2016.
             Was the Champion of Sif Muna.
             Killed from afar by a merfolk aquamancer (32 damage)
             ... with a great wave of water
             ... on level 4 of the Shoals on June 9, 2016.
             The game lasted 01:27:33 (7660 turns).

ololoev the Eclecticist (DEFE)                      Turns: 7660, Time: 01:27:33

Health: -9/72      AC: 15    Str:  5    XL:     14   Next: 91%
Magic:  3/44       EV: 14    Int: 26    God:    Sif Muna [******]
Gold:   753        SH:  0    Dex: 29    Spells: 10 memorised, 1 level left

rFire  + + .     SeeInvis .     H - +11 scimitar of Fortitude {holy, *Contam Dex+4}
rCold  . . .     Gourm    +     l - +1 leather armour of Weirdness {Dex+2} (curse)
rNeg   . . .     Faith    .     (no shield)
rPois  +         Spirit   .     C - +0 Maxwell's etheric cage {RegenMP+ *Contam rElec MP+4}
rElec  +         Dismiss  .     n - +0 cloak
rCorr  .         Reflect  .     B - +2 pair of gloves {Dex+3}
SustAt .         Harm     .     k - +2 pair of boots {run}
MR     +....                    K - amulet "Dahetsua" {Gourm rF++ Dex+5}
Stlth  +++.......               z - ring of poison resistance
                                L - ring of wizardry

@: very slightly contaminated, hasted, very quick, somewhat resistant to hostile
enchantments, fairly stealthy
A: molten scales 2, blink, high mp 1
a: Blink, Channel Energy, Forget Spell, Renounce Religion


Innate Abilities, Weirdness & Mutations

You are mostly covered in molten scales. (AC +3, EV -1)
You can translocate small distances at will.
You have an increased reservoir of magic. (+10% MP)

Inventory:

Hand Weapons
 H - the +11 scimitar of Fortitude (weapon) {holy, *Contam Dex+4}
   (You found it on level 2 of the Lair of Beasts)

   It has been blessed by the Shining One to cause great damage to the undead
   and demons.
   It affects your dexterity (+4).
   It causes magical contamination when unequipped.
Armour
 k - a +2 pair of boots of running (worn)
 l - the cursed +1 leather armour of Weirdness (worn) {Dex+2}
   (You bought it in a shop on level 2 of the Orcish Mines)

   It affects your dexterity (+2).
   It has a curse placed upon it.
 n - a +0 cloak (worn)
 B - a +2 pair of gloves of dexterity (worn)
 C - the +0 Maxwell's etheric cage (worn) {RegenMP+ *Contam rElec MP+4}
   (You bought it in a shop on level 9 of the Dungeon)

   It insulates you from electricity.
   It affects your magic capacity (+4).
   It causes magical contamination when unequipped.
 E - the +4 robe of Night {+Inv MR+ SInv Stlth+}
   (You found it on level 2 of the Lair of Beasts)

   It affects your resistance to hostile enchantments.
   It lets you see invisible.
   It lets you turn invisible.
   It makes you more stealthy.
Jewellery
 h - a +3 ring of intelligence
 j - an uncursed ring of protection from fire {unknown}
 y - an uncursed amulet of guardian spirit {unknown}
 z - a ring of poison resistance (right hand)
 A - an uncursed ring of protection from cold
 G - an uncursed ring of sustain attributes
 K - the amulet "Dahetsua" (around neck) {Gourm rF++ Dex+5}
   (You found it on level 6 of the Lair of Beasts)

   [amulet of the gourmand]

   It allows you to eat raw meat even when not hungry.
   It affects your dexterity (+5).
   It greatly protects you from fire.
 L - a ring of wizardry (left hand)
Wands
 a - a wand of disintegration (11/24)
 d - a wand of teleportation (4/9)
 u - a wand of acid (2/15)
 v - a wand of paralysis (8/24)
 x - a wand of heal wounds (5/9)
 I - a wand of hasting (4/9)
 N - a wand of heal wounds (3/9)
 R - a wand of acid (2/15)
Scrolls
 e - 3 scrolls of fog
 f - 2 scrolls of blinking
 m - 2 scrolls of recharging
 p - a scroll of immolation
 q - 3 scrolls of enchant armour
 r - 6 scrolls of amnesia
 s - 3 scrolls of teleportation
 t - 7 scrolls of magic mapping
 T - 2 scrolls of holy word
Potions
 b - a potion of might {unknown}
 D - a potion of invisibility
 F - a potion of lignification
 O - a potion of curing
 Q - a potion of flight {unknown}
 S - a potion of mutation {unknown}
Comestibles
 c - 10 bread rations
 g - 4 beef jerkies
 i - 5 meat rations
 o - 5 slices of pizza
 J - 3 chunks of flesh
 M - 7 fruits


   Skills:
 + Level 2.4 Fighting
 + Level 4.8 Dodging
 - Level 2.4 Stealth
 * Level 17.2 Spellcasting
 * Level 15.1 Conjurations
 * Level 15.1 Fire Magic
 + Level 11.0 Invocations


You had one spell level left.
You knew the following spells:

 Your Spells              Type           Power        Failure   Level  Hunger
a - Fireball              Conj/Fire      #######...   1%          5    None
b - Bolt of Fire          Conj/Fire      #######...   1%          6    ###....
c - Sticky Flame          Conj/Fire      #######.     1%          4    None
d - Flame Tongue          Conj/Fire      #####        0%          1    None
e - Inner Flame           Hex/Fire       ######..     1%          3    None
f - Orb of Destruction    Conj           #######...   4%          7    #####..
g - Conjure Flame         Conj/Fire      #######.     1%          3    None
h - Fire Storm            Conj/Fire      #######...   99%         9    #######
q - Delayed Fireball      Conj/Fire      N/A          4%          7    #####..
s - Iron Shot             Conj/Erth      ######....   12%         6    ###....


You were on level 4 of the Shoals.
You worshipped Sif Muna.
Sif Muna was exalted by your worship.
You were full.

You visited 5 branches of the dungeon, and saw 24 of its levels.

You collected 1537 gold pieces.
You spent 784 gold pieces at shops.

≈≈≈≈≈≈≈≈≈≈≈≈..<..P.#####.P
≈≈≈≈≈≈≈≈≈≈≈≈≈...##.≈≈...P≈
≈≈≈≈≈≈≈≈≈≈≈≈≈≈.#........≈≈≈≈≈≈
≈≈≈≈≈≈≈≈≈≈≈≈≈.≈≈..≈≈≈≈≈≈≈≈≈≈≈
≈≈≈≈≈≈≈≈≈≈≈≈≈≈≈≈≈≈≈≈≈≈≈≈≈≈≈≈≈
≈≈≈≈≈≈≈≈≈≈..≈≈≈≈.≈≈≈≈≈≈≈≈≈†m
≈≈≈≈≈≈≈≈≈.....≈.≈≈≈≈≈P≈)m≈.
≈≈≈≈≈≈≈...###...≈m≈≈m≈§m§P
≈≈≈≈≈≈≈≈@###./..≈≈≈≈≈§≈≈.
≈≈≈≈≈≈≈....(m.(m≈:≈%≈≈.%
≈≈≈≈≈≈≈........(.≈≈≈≈≈..
≈≈≈≈≈≈≈≈..≈≈≈....)≈###.#
≈≈≈≈≈≈≈≈≈≈≈≈≈≈...†≈#
≈≈≈≈≈≈≈≈≈≈≈≈≈≈.≈≈#.#
≈≈≈≈≈≈≈≈≈≈≈≈≈≈≈≈≈##)≈
≈≈≈≈≈≈≈≈≈≈≈≈≈≈≈≈≈# ≈≈#
≈≈≈≈≈≈≈≈≈≈≈≈≈≈≈≈# #≈.|

Notes
Turn   | Place    | Note
--------------------------------------------------------------
     0 | D:1      | ololoev the Deep Elf Fire Elementalist began the quest for the Orb.
     0 | D:1      | Reached XP level 1. HP: 10/10 MP: 6/6
   215 | D:3      | Found an ancient bone altar of Kikubaaqudgha.
   225 | D:2      | Reached XP level 2. HP: 14/15 MP: 6/8
   322 | D:3      | Noticed Crazy Yiuf
   330 | D:3      | Killed Crazy Yiuf
   330 | D:3      | Reached XP level 3. HP: 19/19 MP: 7/10
   378 | D:4      | Found Jeuled's Armour Shoppe.
   378 | D:4      | Noticed an ice beast
   385 | D:4      | Reached XP level 4. HP: 19/24 MP: 3/11
   390 | D:4      | Learned a level 3 spell: Conjure Flame
   394 | D:4      | Learned a level 3 spell: Inner Flame
   489 | D:4      | Killed an ice beast
   489 | D:4      | Reached skill level 4 in Spellcasting
   489 | D:4      | Reached XP level 5. HP: 13/28 MP: 0/13
   496 | D:4      | Learned a level 4 spell: Sticky Flame
   504 | D:4      | Noticed zero's ghost (novice GrBe)
   676 | D:4      | Found a sparkling altar of Nemelex Xobeh.
   713 | D:5      | Entered Level 5 of the Dungeon
   737 | D:5      | Found Udokaceb's Weapon Shop.
   817 | D:4      | Found an oddly glowing altar of Pakellas.
   817 | D:4      | Found Pakellas's Prime Provisions.
  1028 | D:4      | Reached XP level 6. HP: 24/32 MP: 15/15
  1098 | D:6      | Found a blossoming altar of Fedhas.
  1115 | D:6      | Found a staircase to the Ecumenical Temple.
  1121 | Temple   | Entered the Ecumenical Temple
  1134 | Temple   | Became a worshipper of Sif Muna the Loreminder
  1215 | D:5      | Reached skill level 5 in Conjurations
  1219 | D:5      | Reached skill level 1 in Invocations
  1221 | D:5      | Gained mutation: You are partially covered in molten scales. (AC +1) [potion of beneficial mutation]
  1374 | D:6      | Reached skill level 5 in Spellcasting
  1374 | D:6      | Reached skill level 5 in Fire Magic
  1480 | D:7      | Noticed p0werm0de's ghost (novice HuCK)
  1483 | D:7      | Reached XP level 7. HP: 8/36 MP: 0/17
  1505 | D:7      | Found a bloodstained altar of Trog.
  1677 | D:7      | Found a shattered altar of Ashenzari.
  1762 | D:7      | Found Teumnux's Antique Weapon Shop.
  1795 | D:7      | Found a sacrificial altar of Ru.
  1832 | D:8      | Reached * piety under Sif Muna
  1832 | D:8      | Reached skill level 6 in Spellcasting
  1836 | D:8      | Gained mutation: You are clumsy. (Dex -2) [mutagenic meat]
  1852 | D:8      | Learned a level 5 spell: Fireball
  1855 | D:9      | Noticed a troll
  1902 | D:8      | Gained mutation: Your mind is acute. (Int +2) [mutagenic meat]
  1903 | D:8      | Gained mutation: Your body sometimes deteriorates upon taking damage. [mutagenic meat]
  1904 | D:8      | Gained mutation: Your muscles are strong. (Str +2) [mutagenic meat]
  1905 | D:8      | Gained mutation: You occasionally shout uncontrollably at your foes. [mutagenic meat]
  1906 | D:8      | Gained mutation: You have an increased reservoir of magic. (+10% MP) [mutagenic meat]
  1907 | D:8      | Gained mutation: You can translocate small distances at will. [mutagenic meat]
  1911 | D:8      | Found a stormy altar of Qazlal.
  1940 | D:8      | Found a staircase to the Lair.
  1970 | D:8      | Reached XP level 8. HP: 41/41 MP: 13/21
  1977 | D:8      | Gained mutation: You are mostly covered in molten scales. (AC +3, EV -1) [mutagenic meat]
  1978 | D:8      | Gained mutation: Your flesh is heat resistant. (rF+) [mutagenic meat]
  1981 | D:8      | Lost mutation: Your muscles are strong. (Str +2) [mutagenic meat]
  2064 | D:8      | Noticed Maurice
  2077 | D:8      | Killed Maurice
  2077 | D:8      | Reached ** piety under Sif Muna
  2077 | D:8      | Reached skill level 7 in Spellcasting
  2151 | D:8      | Found a shimmering altar of Xom.
  2170 | D:8      | Found a shimmering altar of Xom.
  2171 | D:8      | Found a shimmering altar of Xom.
  2171 | D:8      | Found a shimmering altar of Xom.
  2171 | D:8      | Found a shimmering altar of Xom.
  2171 | D:8      | Found a shimmering altar of Xom.
  2172 | D:8      | Found a shimmering altar of Xom.
  2175 | D:8      | Found a shimmering altar of Xom.
  2193 | D:8      | Lost mutation: Your flesh is heat resistant. (rF+) [mutagenic meat]
  2223 | D:8      | Reached skill level 8 in Spellcasting
  2337 | D:9      | Found a staircase to the Orcish Mines.
  2337 | D:9      | Found Nehadyng's Armour Boutique.
  2346 | D:9      | Reached XP level 9. HP: 44/45 MP: 7/25
  2362 | Orc:1    | Entered Level 1 of the Orcish Mines
  2369 | D:9      | Bought the +0 Maxwell's etheric cage {RegenMP+ *Contam rElec MP+4} for 141 gold pieces
  2406 | Orc:1    | Reached *** piety under Sif Muna
  2407 | Orc:1    | Noticed a troll
  2415 | Orc:1    | Killed a troll
  2492 | Orc:1    | Reached skill level 5 in Invocations
  2507 | Orc:1    | Reached skill level 9 in Spellcasting
  2594 | Orc:2    | Entered Level 2 of the Orcish Mines
  2596 | Orc:2    | Noticed Maud
  2632 | Orc:2    | Noticed an ogre mage
  2632 | Orc:2    | Noticed an ogre mage
  2634 | Orc:2    | Noticed an ogre mage
  2636 | Orc:2    | Noticed an ogre mage
  2638 | Orc:2    | Killed an ogre mage
  2638 | Orc:2    | Reached **** piety under Sif Muna
  2639 | Orc:2    | Reached skill level 10 in Spellcasting
  2639 | Orc:2    | Reached XP level 10. HP: 50/50 MP: 2/28
  2639 | Orc:2    | Killed an ogre mage
  2639 | Orc:2    | Reached ***** piety under Sif Muna
  2768 | Orc:2    | Killed Maud
  2768 | Orc:2    | Reached skill level 11 in Spellcasting
  2853 | Orc:2    | Reached skill level 10 in Conjurations
  2860 | Orc:2    | Reached skill level 10 in Fire Magic
  2902 | Orc:2    | Reached ****** piety under Sif Muna
  2904 | Orc:2    | Received a gift from Sif Muna
  2908 | Orc:2    | Killed an ogre mage
  2908 | Orc:2    | Reached XP level 11. HP: 31/54 MP: 13/31
  2909 | Orc:2    | Identified Sif Muna's Catalogue of Arcane Weapons (Sif Muna gifted it to you on level 2 of the Orcish Mines)
  2925 | Orc:2    | Reached skill level 12 in Spellcasting
  2930 | Orc:2    | Killed an ogre mage
  2972 | Orc:2    | Found a roughly hewn altar of Beogh.
  2996 | Orc:2    | Noticed an orc sorcerer
  2999 | Orc:2    | Killed an orc sorcerer
  3070 | Orc:2    | Found a staircase to the Elven Halls.
  3074 | Orc:2    | Noticed Nessos
  3080 | Orc:2    | Killed Nessos
  3162 | Orc:2    | Reached skill level 13 in Spellcasting
  3178 | Orc:2    | Found Car Xush's Jewellery Shop.
  3179 | Orc:2    | Found Pyatwo's Gadget Emporium.
  3185 | Orc:2    | Found Covvotiu's Antique Armour Emporium.
  3185 | Orc:2    | Found Nemodoiwk's Magic Scroll Boutique.
  3194 | Orc:2    | Bought a twisted leather armour for 203 gold pieces
  3204 | Orc:2    | Identified the cursed +1 leather armour of Weirdness {Dex+2} (You bought it in a shop on level 2 of the Orcish Mines)
  3206 | Orc:2    | Bought a scroll of identify for 32 gold pieces
  3206 | Orc:2    | Bought a scroll of noise for 16 gold pieces
  3206 | Orc:2    | Bought a scroll of magic mapping for 56 gold pieces
  3206 | Orc:2    | Bought a scroll of magic mapping for 56 gold pieces
  3206 | Orc:2    | Bought a scroll of identify for 32 gold pieces
  3212 | Orc:2    | Bought a scroll of identify for 32 gold pieces
  3212 | Orc:2    | Bought a scroll of identify for 32 gold pieces
  3212 | Orc:2    | Bought a scroll of identify for 32 gold pieces
  3212 | Orc:2    | Bought a scroll of recharging for 152 gold pieces
  3448 | Lair:1   | Entered Level 1 of the Lair of Beasts
  3612 | Lair:2   | Noticed Gastronok
  3660 | Lair:1   | Received a gift from Sif Muna
  3661 | Lair:1   | Identified Sif Muna's Tome of Stones and Confrontation (Sif Muna gifted it to you on level 1 of the Lair of Beasts)
  3810 | Lair:2   | Killed Gastronok
  3810 | Lair:2   | Reached XP level 12. HP: 30/59 MP: 16/34
  3919 | Lair:2   | Got a translucent scimitar
  3920 | Lair:2   | Identified the +11 scimitar of Fortitude {holy, *Contam Dex+4} (You found it on level 2 of the Lair of Beasts)
  3940 | Lair:3   | Found a staircase to the Snake Pit.
  4342 | Lair:4   | Reached skill level 14 in Spellcasting
  4405 | Lair:4   | Noticed Josephine
  4413 | Lair:4   | Killed Josephine
  4496 | Lair:4   | Received a gift from Sif Muna
  4499 | Lair:4   | Identified Sif Muna's Handbook of the Destructive Entourage (Sif Muna gifted it to you on level 4 of the Lair of Beasts)
  4511 | Lair:4   | Learned a level 7 spell: Orb of Destruction
  4777 | Lair:6   | Reached XP level 13. HP: 42/63 MP: 1/37
  4799 | Lair:6   | Got a faintly glowing jade amulet
  4871 | Lair:7   | Reached skill level 15 in Spellcasting
  4901 | Lair:7   | Noticed Kirke
  4907 | Lair:7   | Killed Kirke
  4907 | Lair:7   | Received a gift from Sif Muna
  4908 | Lair:7   | Identified Sif Muna's Incunabulum of Snow and Black Rituals (Sif Muna gifted it to you on level 7 of the Lair of Beasts)
  4987 | Lair:7   | Lost mutation: You are clumsy. (Dex -2) [potion of cure mutation]
  4987 | Lair:7   | Lost mutation: Your body sometimes deteriorates upon taking damage. [potion of cure mutation]
  4987 | Lair:7   | Lost mutation: You occasionally shout uncontrollably at your foes. [potion of cure mutation]
  4987 | Lair:7   | Lost mutation: Your mind is acute. (Int +2) [potion of cure mutation]
  5148 | Lair:6   | Found a staircase to the Slime Pits.
  5187 | Lair:8   | Entered Level 8 of the Lair of Beasts
  5255 | Lair:8   | Learned a level 6 spell: Iron Shot
  5265 | Lair:8   | Learned a level 9 spell: Fire Storm
  5596 | Lair:8   | Received a gift from Sif Muna
  5596 | Lair:8   | Reached skill level 16 in Spellcasting
  5638 | Lair:8   | Reached skill level 10 in Invocations
  5773 | Lair:8   | Reached XP level 14. HP: 49/68 MP: 29/39
  6137 | Lair:8   | Identified a +2 pair of boots of running (You found it on level 8 of the Lair of Beasts)
  6148 | Lair:8   | Learned a level 7 spell: Delayed Fireball
  6331 | Lair:6   | Upgraded the game from 0.19-a0-559-ga3d69d0 to 0.19-a0-585-ge40200b
  6484 | Lair:6   | Learned a level 6 spell: Bolt of Fire
  6698 | Lair:5   | Reached skill level 1 in Fighting
  6857 | Lair:5   | Identified the amulet "Dahetsua" {Gourm rF++ Dex+5} (You found it on level 6 of the Lair of Beasts)
  6893 | Lair:5   | Found a staircase to the Shoals.
  6907 | Shoals:1 | Entered Level 1 of the Shoals
  7345 | Shoals:2 | Reached skill level 17 in Spellcasting
  7354 | Shoals:2 | Reached skill level 15 in Fire Magic
  7462 | Shoals:4 | Entered Level 4 of the Shoals
  7477 | Shoals:4 | Reached skill level 15 in Conjurations
  7631 | Shoals:4 | Noticed Ilsuiw
  7638 | Shoals:4 | Killed Ilsuiw
  7638 | Shoals:4 | Received a gift from Sif Muna
  7639 | Shoals:4 | Identified Zoge Wikh's Almanac of Destructive Illusion (Sif Muna gifted it to you on level 4 of the Shoals)
  7660 | Shoals:4 | Killed from afar by a merfolk aquamancer

Dungeon Overview and Level Annotations

Branches:
Dungeon (9/15)             Temple (1/1) D:6            Lair (8/8) D:8
 Shoals (4/4) Lair:5        Snake (0/4) Lair:3        Slime (0/6) Lair:6
    Orc (2/2) D:9             Elf (0/3) Orc:2

Altars:
Ashenzari
Elyvilon
Fedhas
Gozag
Kikubaaqudgha
Nemelex Xobeh
Okawaru
Pakellas
Qazlal
Ru
Sif Muna
Trog
Uskayaw
Xom
Yredelemnul
Zin
Beogh

Shops:
D:4 [}   D:5 (   D:7 (   D:9 [   Orc:2 ?[}=

Annotations:
D:4 exclusion: downstairs, zero's ghost, novice GrBe
D:7 p0werm0de's ghost, novice HuCK


Message History

You kill the merfolk!
The siren chants a haunting song.
You are mesmerised by the siren!
The merfolk aquamancer is engulfed in a cloud of scalding steam.
The merfolk aquamancer gestures at you while chanting.
The ball of steam misses you.
The merfolk javelineer throws a javelin of returning.
The javelin of returning hits you.
The weapon returns to the merfolk javelineer!
Casting: Sticky Flame
Confirm with . or Enter, or press ? or * to list all spells.
Okay, then.
Use which ability? (? or * to list)
Aiming: Delayed Fireball
Press: ? - help, Shift-Dir - straight line The fireball explodes!
The fireball engulfs the plant.
The plant is almost destroyed.
Unknown command.
Unknown command.
Unknown command.
You cannot move away from something!
You swing at nothing.
You break out of your daze!
The plant is engulfed in a cloud of scalding steam.
You destroy the plant!
The merfolk aquamancer gestures at you while chanting.
The shard of ice hits you!
Unknown command.
The siren is engulfed in a cloud of scalding steam.
You kill the siren!
You hear a splash.
You see here a throwing net.
The merfolk javelineer is engulfed in a cloud of scalding steam.
The merfolk javelineer throws a javelin of returning.
The javelin of returning hits you!
A merfolk comes into view. It is wielding a trident.
Things that are here:
a javelin of returning; a wand of digging {empty} Use which ability? (? or * to list)
You channel some magical energy.
You feel somewhat less full.
The merfolk aquamancer casts a spell at you.
The shard of ice misses you.
The merfolk is engulfed in a cloud of scalding steam.
The merfolk throws a tomahawk.
The tomahawk misses you.
Use which ability? (? or * to list)
You channel some magical energy.
You feel somewhat less full.
The plant is engulfed in a cloud of scalding steam.
The merfolk javelineer throws a javelin of returning.
The javelin of returning hits you!!
The weapon returns to the merfolk javelineer!
Casting: Sticky Flame
Confirm with . or Enter, or press ? or * to list all spells.
Aiming: Fireball
Press: ? - help, Shift-Dir - straight line The fireball explodes!
The plant is engulfed in a cloud of scalding steam.
Unknown command.
Unknown command.
Unknown command.
Okay, then.
The merfolk aquamancer is engulfed in a cloud of scalding steam.
The merfolk aquamancer is engulfed in a cloud of scalding steam.
The merfolk is engulfed in a cloud of scalding steam.
The merfolk throws a tomahawk.
The tomahawk hits you but does no damage.
You see here a tomahawk.
Evoke which item? (* to show all) (? for menu, Esc to quit)
Zapping:
u - a wand of acid {zapped: 3} (will waste charges)
Press: ? - help, Shift-Dir - straight line, f - merfolk aquamancer
Aim: a merfolk aquamancer, wielding a rapier of protection and wearing a robe (severely wounded)
The bolt of acid hits the merfolk aquamancer.
The merfolk aquamancer is severely wounded.
Evoking this partially-identified wand wasted a few charges.
The merfolk javelineer throws a javelin of returning.
The javelin of returning hits you!
The weapon returns to the merfolk javelineer!
Unknown command.
The merfolk aquamancer points at you and mumbles some strange words.
The great wave of water hits you!
You die...

You could see a merfolk aquamancer.

Vanquished Creatures
  Kirke (Lair:7)
  Gastronok (Lair:2)
  Ilsuiw (Shoals:4)
  Maud (Orc:2)
  Nessos (Orc:2)
  3 dire elephants (Lair:8)
  Josephine (Lair:4)
  A catoblepas (Lair:7)
  4 hydras
  2 merfolk avatars
  An alligator snapping turtle (Shoals:2)
  4 ogre magi (Orc:2)
  An anaconda (Lair:8)
  10 death yaks
  4 sea snakes
  4 lindwurms (Lair:4)
  An orc sorcerer (Orc:2)
  3 oklob plants
  2 griffons
  4 manticores
  2 sirens (Shoals:4)
  4 black mambas
  Maurice (D:8)
  4 water nymphs
  A torpor snail (Lair:3)
  10 spiny frogs
  A rime drake (Lair:8)
  8 komodo dragons
  A troll (Orc:1)
  A wind drake (Shoals:2)
  8 merfolk
  16 two-headed ogres (Orc:2)
  A slime creature (Lair:6)
  7 snapping turtles
  18 blink frogs
  A spriggan (Lair:3)
  2 wyverns
  5 water elementals
  5 wraiths (Lair:4)
  3 basilisks
  40 yaks
  A human (Lair:7)
  4 hippogriffs
  A hog (Lair:7)
  A warg (Orc:1)
  16 water moccasins
  6 porcupines
  An ice beast (D:4)
  5 orc warriors
  A phantom (D:8)
  4 sky beasts (D:8)
  21 ogres
  A necrophage (D:6)
  10 wolves
  A centaur (Lair:5)
  10 crocodiles
  12 giant frogs
  A scorpion (D:6)
  A water moccasin skeleton (D:8)
  3 wights (D:9)
  A crimson imp (D:8)
  A giant frog zombie (D:8)
  2 hounds
  4 jellies
  4 orc wizards
  2 orc priests
  Crazy Yiuf (D:3)
  A gnoll shaman (D:4)
  5 iguanas
  6 hell rats (Lair:2)
  4 worker ants
  22 sheep
  2 hound zombies
  4 gnolls
  50 river rats
  7 adders
  3 adder skeletons
  3 adder zombies
  3 dart slugs
  4 giant geckos
  14 orcs
  A ball python (D:1)
  6 giant cockroaches
  A goblin (D:3)
  2 hobgoblins (D:3)
  2 quokkas
  A giant gecko skeleton (D:7)
  A giant gecko zombie (D:7)
  2 giant newts
  A jackal skeleton (D:4)
  2 jackal zombies
  4 kobolds
  10 rats
  4 bushes
  10 fungi
  19 plants
498 creatures vanquished.

Vanquished Creatures (others)
  2 humans (Lair:7)
  5 fungi
  8 plants
15 creatures vanquished.

Grand Total: 513 creatures vanquished

Action                   |  1- 3 |  4- 6 |  7- 9 | 10-12 | 13-15 || total
-------------------------+-------+-------+-------+-------+-------++-------
Melee: Dagger            |     4 |       |       |       |       ||     4
       Quarterstaff      |       |    26 |     1 |       |       ||    27
       Short sword       |       |       |     2 |     5 |       ||     7
       Scimitar          |       |       |       |     1 |    14 ||    15
 Cast: Flame Tongue      |    23 |    71 |    89 |    37 |     7 ||   227
       Conjure Flame     |       |     1 |     3 |     3 |     1 ||     8
       Sticky Flame      |       |     7 |    10 |    16 |    24 ||    57
       Fireball          |       |       |    18 |   184 |   235 ||   437
       Inner Flame       |       |       |     8 |     8 |    25 ||    41
       Bolt of Fire      |       |       |       |       |    14 ||    14
       Orb of Destructio |       |       |       |       |     5 ||     5
       Delayed Fireball  |       |       |       |       |     1 ||     1
Invok: Channel Energy    |       |       |    38 |   138 |   178 ||   354
 Abil: Blink             |       |       |       |    12 |     6 ||    18
       Release Delayed F |       |       |       |       |     1 ||     1
Evoke: Wand              |     1 |     5 |       |     1 |     6 ||    13
  Use: Scroll            |       |     8 |     2 |    11 |     5 ||    26
       Potion            |       |     4 |       |     3 |     4 ||    11
 Stab: Paralysed         |     4 |     7 |       |     5 |       ||    16
  Eat: Chunk             |       |     3 |    29 |    32 |    46 ||   110
       Fruit             |       |       |       |       |     2 ||     2
       Royal jelly       |       |       |       |       |     1 ||     1
Armor: Robe              |     2 |     9 |    12 |     1 |       ||    24
       Leather armour    |       |       |       |     9 |    21 ||    30
Dodge: Dodged            |     6 |    35 |    12 |    21 |    34 ||   108

Vault maps used:
D:1:      minmay_arrival_stone_box, serial_bayou_pond_a, corexii_corridor_pit
D:2:      minmay_misc_feat_plants, minmay_statues_item, corner_web_ring,
          nicolae_dithmenos_through_a_glass_darkly
D:3:      marbit_many_paths, lemuel_crystal_altar, first_bread,
          uniq_crazy_yiuf_cottage
D:4:      nemelex_xobeh_ov_fountains_minmay, johnstein_pakellas_shop,
          st_stairs_13, kennysheep_small_circle
D:5:      serial_shops, kennysheep_little_box, uniq_edmund
D:6:      fedhas_altar_2, temple_statues
D:7:      ashenzari_conservatory_becter, lemuel_doored_altar,
          nicolae_ru_sacrificial_ziggurat, serial_shops, nicolae_shop_crystal,
          grunt_ogre_cave, trog_three_pillars_becter
D:8:      xom_redecorated, kennysheep_mini_moat, dpeg_oklobed_lair, uniq_maurice
D:9:      orc_0_dummy, serial_shops, shop, minmay_misc_feat_doors
Temple:   zaba_magenta_temple_12
Lair:1:   uniq_prince_ribbit2, uniq_nergalle
Lair:2:   kennysheep_abandoned_house, serial_forest,
          infiniplex_forest_clump_double, infiniplex_forest_clump_long,
          infiniplex_forest_lined_2, infiniplex_forest_straight_4,
          infiniplex_forest_side_room, st_stairs_10, uniq_gastronok
Lair:3:   forest_paths, st_stairs_4
Lair:4:   serial_bayou_pond_c, minmay_lindwurm_lava, uniq_josephine
Lair:5:   minmay_shoals_entry_centaurs, st_stairs_9, disabler_island,
          grunt_megastairs_2
Lair:6:   minmay_slime_entry_pillars, serial_bayou_pond_d, beast_lair_carwin_7
Lair:7:   grunt_megastairs_5, lemuel_fruit_fields, uniq_kirke
Lair:8:   due_jungle_book
Shoals:1: nicolae_shoals_water_elemental_grotto
Shoals:4: shoals_end_grunt_ice, shoals_ilsuiw_ice, uniq_aizul, uniq_nikola
Orc:2:    st_orc_ogre_mass, basic_altar, uniq_nessos, uniq_maud
